 Dungeon Crawl Stone Soup version 0.27.0-1-g7a089689b8 (webtiles) character file.

Game seed: 13337496538105473102

51 BOMJPIETVODKU the Ruffian (level 3, -4/29 HPs)
             Began as a Draconian Transmuter on Aug 3, 2021.
             Slain by a gnoll (9 damage)
             ... on level 2 of the Dungeon.
             The game lasted 00:03:20 (1278 turns).

BOMJPIETVODKU the Ruffian (Draconian Transmuter)    Turns: 1278, Time: 00:03:21

Health: -4/29      AC:  5    Str: 12    XL:     3   Next: 58%
Magic:  3/6        EV: 12    Int: 14    God:
Gold:   12         SH:  0    Dex: 11    Spells: 3/6 levels left

rFire    . . .     SeeInvis .     - Unarmed
rCold    . . .     Faith    .   (no shield)
rNeg     . . .     Spirit   .   (armour unavailable)
rPois    .         Reflect  .   (helmet currently unavailable)
rElec    .         Harm     .   (no cloak)
rCorr    .         Rampage  .   (no gloves)
Will     .....                  (boots currently unavailable)
Stlth    +.........             (no amulet)
HPRegen  0.09/turn              (no ring)
MPRegen  0.10/turn              (no ring)

@: appendages (expiring), wereblooded
A: horns 2, talons 2, AC +5, unfitting armour, cold-blooded
a: End Transformation


You were on level 2 of the Dungeon.
You had temporarily grown beastly horns and talons.
You visited 1 branch of the dungeon, and saw 2 of its levels.

You collected 12 gold pieces.

Inventory:

Scrolls
 a - a scroll of amnesia {unknown}
 d - 2 scrolls of identify {unknown}
 e - a scroll of teleportation {unknown}
Potions
 b - a potion of cancellation {unknown}
 c - a potion of degeneration {unknown}
 f - a potion of brilliance {unknown}
 g - a potion of curing {unknown}


   Skills:
 * Level 2.1 Fighting
 + Level 2.2 Dodging
 + Level 3.4 Unarmed Combat
 + Level 2.2 Spellcasting
 + Level 2.5 Transmutations


You had 3 spell levels left.
You knew the following spells:

 Your Spells              Type           Power      Damage    Failure   Level
a - Beastly Appendage     Tmut           16%        N/A       9%          1
b - Wereblood             Tmut           8%         N/A       12%         2

Your spell library contained the following spells:

 Spells                   Type           Power      Damage    Failure   Level
 Pain                     Necr           4%         1d4       24%         1
 Corpse Rot               Necr/Air       N/A        N/A       34%         2
 Spider Form              Tmut/Pois      2%         N/A       38%         3
 Stone Arrow              Conj/Erth      2%         3d7       56%         3
 Ice Form                 Ice/Tmut       5%         N/A       80%         4
 Agony                    Necr           1%         N/A       100%        5
 Bolt of Magma            Conj/Fire/Erth 0%         4d4       100%        5
 Excruciating Wounds      Necr           0%         N/A       100%        5
 Lehudib's Crystal Spear  Conj/Erth      0%         10d2      100%        8


Dungeon Overview and Level Annotations

Branches:
Dungeon (2/15)

Altars:
Qazlal

Shops:
D:1 *((?(


Innate Abilities, Weirdness & Mutations

You have temporarily grown beastly horns and talons.
Your plain brown scales are hard. (AC +5)
You cannot fit into any form of body armour.
You are cold-blooded and may be slowed by cold attacks.


Message History

A gnoll comes into view. It is wielding a +0 halberd.
A gnoll comes into view. It is wielding a +0 whip.
A gnoll comes into view. It is wielding a +0 club.
The gnoll shouts! x2
Found a stone staircase leading down.
You extend your transformation's duration.
Casting: Beastly Appendage (safe; 9% risk of failure)
Confirm with . or Enter, or press ? or * to list all spells.
Your blood is infused with primal strength.
The ball python closely misses you. The ball python grabs you.
The ball python constricts you.
The gnoll hits you from afar with a +0 spear.
You barely miss the ball python. Your kick misses the ball python.
The ball python barely misses you. The ball python constricts you.
The gnoll hits you from afar with a +0 spear.
The ball python closely misses you. The ball python constricts you.
You barely miss the ball python.
You claw the ball python, but do no damage.
The ball python closely misses you. The ball python constricts you.
The gnoll hits you from afar with a +0 spear.
The gnoll barely misses you.
You hit the ball python. You headbutt the ball python.
You feel a bit better.
You kill the ball python!
You howl as the wereblood boils in your veins!
You hear a shout!
The gnoll hits you from afar with a +0 spear.
The gnoll barely misses you. The gnoll closely misses you.
You see here a ball python corpse.
You barely miss the gnoll.
Your transformation is almost over.
The gnoll hits you from afar with a +0 spear.
A kobold comes into view. It is wielding a +0 dagger.
The gnoll barely misses you.
You barely miss the gnoll. You claw the gnoll, but do no damage.
The gnoll closely misses you.
The gnoll hits you from afar with a +0 spear.
* * * LOW HITPOINT WARNING * * *
The gnoll hits you with a +0 halberd!
You die...

## ... .... ..... .
....?.#########....
........gg@...K....
......##.g#####....
>.... ##g.### .
#### #..(.## ..
##### # ###...# ...
....# #. #...#....
....###
#.###..<.....
......##
#............
.####..###
#####..#....<.


You could see 4 gnolls and a kobold.

Vanquished Creatures
  2 adders (D:2)
  2 dart slugs
  An endoplasm (D:1)
  A giant cockroach (D:2)
  3 goblins (D:1)
  A hobgoblin (D:1)
  4 jackals (D:1)
  2 quokkas
  3 ball pythons
  2 bats (D:1)
  4 kobolds
  4 rats
29 creatures vanquished.

Notes
Turn   | Place    | Note
-------+----------+-------------------------------------------
     0 | D:1      | BOMJPIETVODKU the Draconian Transmuter began the quest for
                  | the Orb.
     0 | D:1      | Reached XP level 1. HP: 16/16 MP: 3/3
     1 | D:1      | Found Cutygeof's Antique Weapon Emporium.
     2 | D:1      | Got the Incunabulum of Ashen Unholy Rituals
   130 | D:1      | Found Yroin's Weapon Emporium.
   235 | D:1      | Found Ytozuow's Weapon Boutique.
   309 | D:1      | Found Gukidoul's Magic Scroll Shop.
   395 | D:1      | Reached XP level 2. HP: 21/23 MP: 3/5
   816 | D:1      | Found Vumofieth's General Store.
  1096 | D:1      | Learned a level 2 spell: Wereblood
  1147 | D:2      | Reached XP level 3. HP: 25/29 MP: 2/6
  1207 | D:2      | Found a stormy altar of Qazlal.
  1243 | D:2      | Found a faded altar of an unknown god.
  1278 | D:2      | Slain by a gnoll

Illustrated notes

Levels and vault maps discovered:
D:1:      minmay_arrival_glassed_features, layout_basic, serial_shops, shop,
          shop, shop, shop_statue, nicolae_square_shop
D:2:      layout_rooms, basic_altar, ebering_ecumenical_altar_webs

Skill      XL: |  1  2 |
---------------+-------+-----
Dodging        | 2 |  2.2
Fighting       | 2 |  2.1
Unarmed Combat | |  3.4
Spellcasting   | |  2.2
Transmutations | |  2.5

Action                   || total
-------------------------++-------
Melee: Unarmed           ||    76
       Kick              ||    12
       Headbutt          ||     6
       Tailslap          ||     2
       Punch             ||     1
 Cast: Beastly Appendage ||    17
       Wereblood         ||     2
Armor: Skin              ||    26
Dodge: Dodged            ||    59
